 Dungeon Crawl Stone Soup version 0.19.0-17-g07987d3 (webtiles) character file.

15305 JeffiDaFish the Basher (level 12, -3/75 HPs)
             Began as a Gargoyle Fighter on Nov 11, 2016.
             Was a Believer of Makhleb.
             Killed from afar by a starcursed mass (10 damage)
             ... with an accursed screaming
             ... on level 1 of the Abyss.
             The game lasted 00:34:09 (12409 turns).

JeffiDaFish the Basher (Gargoyle Fighter)          Turns: 12409, Time: 00:34:10

Health: -3/75      AC: 28    Str: 24    XL:     12   Next: 25%
Magic:  16/16      EV:  7    Int:  9    God:    Makhleb [**....]
Gold:   359        SH: 12    Dex: 10    Spells: 1 memorised, 14 levels left

rFire  . . .     SeeInvis .     E - +5 morningstar (drain)
rCold  . . .     Gourm    +     D - +1 plate armour {rPois}
rNeg   + . .     Faith    .     c - +0 shield
rPois  ∞         Spirit   .     (no helmet)
rElec  +         Reflect  .     (no cloak)
rCorr  .         Harm     .     (no gloves)
MR     .....                    k - +2 pair of boots
Stlth  ..........               a - amulet of the gourmand
                                (no ring)
                                y - +1 ring of protection

@: no status effects
A: negative energy resistance 1, electricity resistance, unbreathing,
petrification resistance, rot immunity, AC +8
a: Minor Destruction, Renounce Religion


You were on level 1 of the Abyss.
You worshipped Makhleb.
Makhleb was pleased with you.
You were very full.

You visited 2 branches of the dungeon, and saw 12 of its levels.
You visited the Abyss 1 time.

You collected 651 gold pieces.
You spent 292 gold pieces at shops.

Inventory:

Hand Weapons
 E - a +5 morningstar of draining (weapon)
Armour
 c - a +0 shield (worn)
 k - a +2 pair of boots (worn)
 D - a +1 plate armour of poison resistance (worn)
Jewellery
 a - an amulet of the gourmand (around neck)
 b - an uncursed ring of ice
 y - a +1 ring of protection (left hand)
Wands
 s - a wand of random effects (30/48)
 w - a wand of lightning (7/15)
 x - a wand of lightning (9/15)
 z - a wand of disintegration (16/24)
 A - a wand of disintegration (14/24)
 B - a wand of acid (5/15)
 C - a wand of lightning (6/15)
Scrolls
 j - 9 scrolls of remove curse
 l - 4 scrolls of fog
 n - 4 scrolls of magic mapping
 o - 3 scrolls of amnesia
 q - 5 scrolls of identify
 r - 2 scrolls of fear
 F - 2 scrolls of teleportation
Potions
 d - a potion of resistance
 p - a potion of agility
 t - 2 potions of flight
 I - a potion of cure mutation
Books
 e - a book of Beasts

   Spells                             Type                      Level
   a - Summon Butterflies             Summoning                    1
   b - Call Canine Familiar           Summoning                    3
   c - Summon Ice Beast               Ice/Summoning                4
   d - Summon Mana Viper              Hexes/Summoning              5
   e - Summon Hydra                   Summoning                    7
 G - Areusch Isuth's Tome of Hurtful Good Luck
   (You found it on level 9 of the Dungeon)

   Spells                             Type                      Level
   a - Sting                          Conjuration/Poison           1
   b - Swiftness                      Charms/Air                   2
   c - Dazzling Spray                 Conjuration/Hexes            3
   d - Ring of Flames                 Charms/Fire                  7
 H - a Young Poisoner's Handbook

   Spells                             Type                      Level
   a - Sting                          Conjuration/Poison           1
   b - Mephitic Cloud                 Conjuration/Poison/Air       3
   c - Olgreb's Toxic Radiance        Poison                       4
   d - Alistair's Intoxication        Transmutation/Poison         5
   e - Venom Bolt                     Conjuration/Poison           5
Comestibles
 f - 12 bread rations
 g - 10 beef jerkies
 h - 7 meat rations
 i - 8 slices of pizza
 m - 2 royal jellies
 v - 4 fruits


   Skills:
 * Level 8.9 Fighting
 * Level 11.2 Maces & Flails
 * Level 9.4 Armour
 - Level 2.6 Dodging
 - Level 1.3 Stealth
 * Level 11.1 Shields
 + Level 3.0 Spellcasting
 + Level 2.9 Conjurations
 + Level 2.7 Hexes


You had 14 spell levels left.
You knew the following spells:

 Your Spells              Type           Power        Failure   Level  Hunger
a - Dazzling Spray        Conj/Hex       #.....       100%        3    ####...


Dungeon Overview and Level Annotations

Branches:
Dungeon (10/15)            Temple (0/1) D:5            Lair (2/6) D:10
  Swamp: Lair:2-4    Shoals: Lair:2-4     Snake: Lair:2-4    Spider: Lair:2-4
    Orc: D:9-12

Altars:
Dithmenos
Hepliaklqana
Makhleb
Qazlal
Ru
Sif Muna
Trog
Vehumet
Yredelemnul
Zin

Shops:
D:10 (

Annotations:
Lair:2 Sonja


Innate Abilities, Weirdness & Mutations

You are resistant to torment.
Your stone body is resilient. (AC +8)
You are immune to poison.
You resist negative energy. (rN+)
You are resistant to electric shocks. (rElec)
You can survive without breathing.
You are immune to petrification.
You are immune to rotting.


Message History

You hit the starcursed mass but do no damage.
You block the starcursed mass's attack.
You hit the starcursed mass.
The starcursed mass is moderately damaged.
The starcursed mass shudders and is absorbed by its neighbour.
A starcursed mass splits.
You hit the starcursed mass.
The starcursed mass is severely damaged.
The starcursed mass shudders and is absorbed by its neighbour.
The smoke demon gestures at you. Something smites you!
* * * LOW HITPOINT WARNING * * *
You sock the starcursed mass!
The starcursed mass is heavily damaged.
The starcursed mass shudders and is absorbed by its neighbour.
You hit the starcursed mass.
The starcursed mass is severely damaged.
The starcursed mass shudders and is absorbed by its neighbour.
A chorus of shrieks assaults your mind.
You die...

# . ## . #. ..
.. # # ##. . .
# .# #%.. ..
.#...# # .
#.##X3####..#
.. #....XX.@..#
...###...X##..#
. . ..... ### .
. ...#. . . #
..#. ...#.. .
.##.. # .. #.##
#. . . #... #
#...# .. #


You could see 4 starcursed masses and a smoke demon.

Vanquished Creatures
  Fannar (Lair:2)
  A deep elf mage (D:8)
  A wolf spider (D:8)
  2 black mambas
  4 spiny frogs
  2 komodo dragons
  A polar bear (D:10)
  3 two-headed ogres
  6 flying skulls (Abyss:1)
  3 hippogriffs
  A shadow (D:8)
  A centaur simulacrum (D:10)
  9 yaks (D:10)
  A human (D:7)
  2 wyverns (D:8)
  4 hogs (D:7)
  A hungry ghost (D:7)
  Menkaure (D:5)
  3 water moccasins (Lair:1)
  2 porcupines (Lair:1)
  2 orc warriors
  3 ice beasts
  3 phantoms
  3 ogres
  5 centaurs
  8 crocodiles
  2 wolves (D:10)
  2 big kobolds
  Blork the orc (D:4)
  2 gnoll sergeants
  11 bullfrogs
  A wyvern zombie (D:9)
  2 scorpions (D:7)
  3 killer bees (D:7)
  5 wights
  An electric eel (D:10)
  4 howler monkeys
  9 crimson imps
  2 jellies
  A centaur skeleton (D:5)
  8 hounds
  2 orc priests
  2 iguanas
  16 orc wizards
  7 worker ants
  A killer bee zombie (D:8)
  A hound zombie (D:9)
  A hound skeleton (D:4)
  2 howler monkey zombies
  2 worker ant zombies
  12 adders
  14 gnolls
  A hound simulacrum (D:10)
  2 shadow imps
  4 white imps (D:10)
  3 ufetubi (D:10)
  An ooze (D:3)
  An adder zombie (D:8)
  2 worms
  3 dart slugs
  6 leopard geckos
  35 orcs
  4 ball pythons
  5 bats
  6 giant cockroaches
  5 goblins
  7 hobgoblins
  15 jackals
  7 quokkas
  4 frilled lizards
  14 kobolds
  A leopard gecko skeleton (D:4)
  A quokka zombie (D:7)
  7 rats
  A spectral orc (D:3)
322 creatures vanquished.

Vanquished Creatures (collateral kills)
  A hippogriff (D:10)
  An ice beast (D:10)
  A worker ant (D:10)
  An adder skeleton (D:10)
4 creatures vanquished.

Vanquished Creatures (others)
  An orc wizard (D:10)
1 creature vanquished.

Grand Total: 327 creatures vanquished

Notes
Turn   | Place    | Note
-------+----------+-------------------------------------------
     0 | D:1      | JeffiDaFish the Gargoyle Fighter began the quest for the Orb.
     0 | D:1      | Reached XP level 1. HP: 14/14 MP: 1/1
    23 | D:1      | Reached XP level 2. HP: 17/19 MP: 2/2
   444 | D:1      | Reached XP level 3. HP: 21/23 MP: 3/3
   991 | D:2      | Reached XP level 4. HP: 28/28 MP: 4/4
  1793 | D:3      | Found a faded altar of an unknown god.
  1827 | D:3      | Reached XP level 5. HP: 33/33 MP: 5/5
  2474 | D:3      | Reached XP level 6. HP: 20/38 MP: 6/6
  2723 | D:3      | Found a basalt altar of Yredelemnul.
  2952 | D:4      | Noticed Blork the orc
  2978 | D:4      | Killed Blork the orc
  2978 | D:4      | Reached skill level 1 in Dodging
  3482 | D:4      | Reached skill level 5 in Maces & Flails
  3671 | D:4      | Reached XP level 7. HP: 41/43 MP: 7/7
  4031 | D:5      | Entered Level 5 of the Dungeon
  4038 | D:5      | Found a radiant altar of Vehumet.
  4040 | D:5      | Noticed Menkaure
  4053 | D:5      | Found a staircase to the Ecumenical Temple.
  4069 | D:5      | Killed Menkaure
  4069 | D:5      | Reached skill level 5 in Shields
  4723 | D:5      | Found a stormy altar of Qazlal.
  4723 | D:5      | Noticed a water elemental
  4965 | D:5      | Reached XP level 8. HP: 46/48 MP: 8/8
  4975 | D:5      | Reached skill level 5 in Armour
  5090 | D:5      | Noticed an air elemental
  5613 | D:6      | Found a sacrificial altar of Ru.
  5812 | D:6      | Reached skill level 5 in Fighting
  6100 | D:6      | Found a deep blue altar of Sif Muna.
  6164 | D:6      | Reached skill level 1 in Stealth
  6164 | D:6      | Reached XP level 9. HP: 54/54 MP: 9/9
  7069 | D:7      | Reached XP level 10. HP: 46/60 MP: 10/10
  7583 | D:7      | Found a hazy altar of Hepliaklqana.
  7583 | D:7      | Found a faded altar of an unknown god.
  7588 | D:7      | Found a faded altar of an unknown god.
  7590 | D:7      | Found a faded altar of an unknown god.
  7591 | D:7      | Found a faded altar of an unknown god.
  7714 | D:8      | Found a shadowy altar of Dithmenos.
  7930 | D:8      | Noticed a deep elf mage
  7932 | D:8      | Found a stormy altar of Qazlal.
  7932 | D:8      | Noticed a wolf spider
  8500 | D:8      | Killed a wolf spider
  8615 | D:8      | Killed a deep elf mage
  8615 | D:8      | Reached skill level 10 in Maces & Flails
  9036 | D:8      | Found a hazy altar of Hepliaklqana.
  9165 | D:8      | Found a burning altar of Makhleb.
  9172 | D:8      | Became a worshipper of Makhleb the Destroyer
  9456 | D:9      | Identified Areusch Isuth's Tome of Hurtful Good Luck
  9462 | D:9      | Learned a level 3 spell: Dazzling Spray
  9535 | D:9      | Reached XP level 11. HP: 67/67 MP: 11/11
  9688 | D:9      | Reached skill level 1 in Spellcasting
 10049 | D:9      | Reached skill level 10 in Shields
 10185 | D:9      | Found a glowing silver altar of Zin.
 10264 | D:9      | Found a deep blue altar of Sif Muna.
 10301 | D:10     | Entered Level 10 of the Dungeon
 10314 | D:10     | Reached skill level 1 in Conjurations
 10437 | D:10     | Reached skill level 1 in Hexes
 10443 | D:10     | Reached * piety under Makhleb
 10580 | D:10     | Found Xamneragh's Weapon Shoppe.
 10585 | D:10     | Bought a +4 morningstar of draining for 292 gold pieces
 10850 | D:10     | Reached ** piety under Makhleb
 10967 | D:10     | Found a bloodstained altar of Trog.
 10973 | D:10     | Found a staircase to the Lair.
 11104 | Lair:1   | Entered Level 1 of the Lair of Beasts
 12100 | Lair:2   | Reached XP level 12. HP: 60/75 MP: 15/15
 12122 | Lair:2   | Noticed Fannar
 12152 | Lair:2   | Killed Fannar
 12261 | Lair:2   | Noticed Sonja
 12263 | Lair:2   | Cast into level 1 of the Abyss (Sonja)
 12349 | Abyss:1  | Noticed a starcursed mass
 12371 | Abyss:1  | Paralysed by accursed screaming for 1 turns
 12387 | Abyss:1  | HP: 2/75 [starcursed mass/accursed screaming (12)]
 12391 | Abyss:1  | Paralysed by accursed screaming for 1 turns
 12409 | Abyss:1  | Killed from afar by a starcursed mass

Skill      XL: |  1  2  3  4  5  6  7  8  9 10 11 12 |
---------------+-------------------------------------+-----
Shields        | 4 5 6 8 9 10 11 | 11.1
Maces & Flails | 3 4 5 6 8 9 10 11 | 11.2
Armour         | 4 5 6 7 9 |  9.4
Fighting       | 4 5 6 7 8 |  8.9
Dodging        | 1 2 |  2.6
Stealth        | 1 |  1.3
Spellcasting   | 2 3 |  3.0
Conjurations   | 2 |  2.9
Hexes          | 2 |  2.7

Action                   |  1- 3 |  4- 6 |  7- 9 | 10-12 || total
-------------------------+-------+-------+-------+-------++-------
Melee: Flail             |   136 |   191 |   428 |   540 ||  1295
       Whip              |       |     6 |       |       ||     6
       Morningstar       |       |       |       |   283 ||   283
  Use: Scroll            |     8 |     2 |     2 |     5 ||    17
       Potion            |     2 |     2 |     3 |    13 ||    20
 Stab: Paralysed         |       |       |     1 |       ||     1
       Invisible         |       |       |       |     1 ||     1
  Eat: Chunk             |     1 |     8 |    26 |    18 ||    53
       Meat ration       |       |       |     1 |       ||     1
       Bread ration      |       |       |     1 |       ||     1
Armor: Scale mail        |    19 |       |       |       ||    19
       Chain mail        |   102 |   113 |   288 |    63 ||   566
       Plate armour      |       |       |       |   402 ||   402
Dodge: Dodged            |    43 |    43 |   104 |   171 ||   361
Block: Shield            |    92 |   101 |   253 |   460 ||   906
